 Dungeon Crawl Stone Soup version 0.24-a0-254-gf493760 (webtiles) character file.

Game seed: 8995791237964327416

605 mopl the Cutter (level 7, -17/38 HPs)
             Began as a Deep Elf Skald on Apr 18, 2019.
             Demolished by an orc warrior
             ... wielding a +0 halberd
              (19 damage)
             ... on level 5 of the Dungeon.
             The game lasted 00:16:07 (5719 turns).

mopl the Cutter (Deep Elf Skald)                    Turns: 5719, Time: 00:16:08

Health: -17/38     AC:  4    Str:  8    XL:     7   Next: 19%
Magic:  5/14       EV: 12    Int: 18    God:
Gold:   114        SH:  0    Dex: 16    Spells: 2/13 levels left

rFire    . . .     SeeInvis .   y - +4 dagger
rCold    . . .     Gourm    .   (no shield)
rNeg     . . .     Faith    .   b - +1 leather armour
rPois    .         Spirit   .   (no helmet)
rElec    .         Reflect  .   (no cloak)
rCorr    .         Harm     .   (no gloves)
MR       .....                  (no boots)
Stlth    +.........             (no amulet)
HPRegen  1.12/turn              (no ring)
MPRegen  0.14/turn              (no ring)

@: regenerating (expiring)
A: no striking features
a: no special abilities


You were on level 5 of the Dungeon.
You were not hungry.

You visited 1 branch of the dungeon, and saw 5 of its levels.

You collected 114 gold pieces.

Inventory:

Hand Weapons
 a - a +0 short sword
 u - a +0 scimitar
 x - a +1 vampiric dagger
 y - a +4 dagger (weapon)
Missiles
 p - 10 tomahawks (quivered)
 t - 15 poisoned needles
Armour
 b - a +1 leather armour (worn)
 j - a +0 ring mail
Wands
 n - a wand of polymorph (2)
Scrolls
 c - 2 scrolls of teleportation {unknown}
 e - 2 scrolls of magic mapping {unknown}
 i - 2 scrolls of remove curse {unknown}
 k - 2 scrolls of amnesia {unknown}
 l - 2 scrolls of enchant armour
 m - 2 scrolls of fog
 o - 2 scrolls of enchant weapon {unknown}
 r - a scroll of random uselessness {unknown}
Potions
 f - a potion of ambrosia
 g - a potion of invisibility
 h - a potion of curing
 q - a potion of resistance {unknown}
 s - a potion of cancellation {unknown}
 v - a potion of brilliance {unknown}
Comestibles
 d - 10 rations
 w - a chunk of flesh


   Skills:
 - Level 1.5 Fighting
 + Level 7.1 Short Blades
 - Level 0.7 Armour
 - Level 2.4 Dodging
 + Level 3.6 Spellcasting
 + Level 1.8 Hexes
 - Level 5.0 Charms
 + Level 1.7 Necromancy
 - Level 1.0 Translocations


You had 2 spell levels left.
You knew the following spells:

 Your Spells              Type           Power        Failure   Level  Hunger
a - Infusion              Chrm           ###.         2%          1    None
b - Spectral Weapon       Hex/Chrm       ###.....     16%         3    ###....
c - Song of Slaying       Chrm           ###.....     4%          2    ##.....
f - Shroud of Golubria    Chrm/Tloc      ##........   10%         2    ##.....
r - Regeneration          Chrm/Necr      ###.......   16%         3    ###....

Your spell library contained the following spells:

 Spells                   Type           Power        Failure   Level  Hunger
 Confusing Touch          Hex            #.....       10%         1    None
 Confuse                  Hex            #.......     30%         3    ###....
 Gell's Gravitas          Tloc           #.........   41%         3    ###....
 Petrify                  Tmut/Erth      #.......     91%         4    ####...
 Metabolic Englaciation   Hex/Ice        #.........   99%         5    ######.
 Yara's Violent Unravell  Hex/Tmut       #.........   99%         5    ######.


Dungeon Overview and Level Annotations

Branches:
Dungeon (5/15)
 Temple: D:4-7

Altars:
Yredelemnul

Annotations:
D:5 exclusion: ogre


Message History

Confirm with . or Enter, or press ? or * to list all spells.
Your skin crawls.
The orc misses you. The orc warrior barely misses you.
The gnoll shouts!
You hear a shout!
The gnoll barely misses you.
A gnoll comes into view. It is wielding a +0 halberd.
Some of the chunks of flesh in your inventory have rotted away.
Your skin is crawling a little less now.
The gnoll completely misses you.
The gnoll shouts!
You hear a shout!
The gnoll misses you. The gnoll hits you with a +0 whip.
* * * LOW HITPOINT WARNING * * *
The gnoll barely misses you. The gnoll hits you with a +0 whip.
* * * LOW HITPOINT WARNING * * *
The gnoll shouts!
The orc warrior hits you from afar with a +0 halberd!!
Ouch! That really hurt!
You die...

#.. #.# #.# #.## #.# #...
#####.############.## #P
#..................# #.g
#.###g############.# ... #.#
########.#
#.#.##########g#####.)......#
#..........gg@.#..g..########
#.# ####...g...#.....##
#.######.##o##.#......#
####.....##.##o##...gg....
#....###g##.##.##.........
.P...##.#o#.##g##.###.....
.......###.§§%.##.# #....#
...o###.#.#g##§##.. ###
..........§§o§§####


You could see an orc warrior, 5 gnolls and an orc.

Vanquished Creatures
  A centaur (D:3)
  7 orc priests
  Jessica (D:2)
  An iguana (D:5)
  An orc wizard (D:5)
  A worker ant (D:4)
  A hound skeleton (D:5)
  3 gnolls
  6 adders
  An adder skeleton (D:4)
  A worm (D:2)
  3 dart slugs
  23 orcs
  8 bats
  5 giant cockroaches
  9 goblins
  3 hobgoblins
  8 jackals
  8 frilled lizards
  A jackal skeleton (D:4)
  A jackal zombie (D:5)
  11 kobolds
  A leopard gecko zombie (D:5)
  A quokka skeleton (D:5)
  7 rats
  A spectral orc (D:4)
114 creatures vanquished.

Vanquished Creatures (others)
  A spectral weapon (D:5)
  2 withered plants (D:5)
3 creatures vanquished.

Grand Total: 117 creatures vanquished

Notes
Turn   | Place    | Note
-------+----------+-------------------------------------------
     0 | D:1      | mopl the Deep Elf Skald began the quest for the Orb.
     0 | D:1      | Reached XP level 1. HP: 12/12 MP: 6/6
   200 | D:1      | Reached XP level 2. HP: 16/16 MP: 2/8
   207 | D:1      | Learned a level 2 spell: Song of Slaying
   210 | D:1      | Learned a level 2 spell: Shroud of Golubria
   429 | D:1      | Reached skill level 3 in Short Blades
   729 | D:1      | Reached XP level 3. HP: 20/20 MP: 5/9
  1126 | D:2      | Learned a level 3 spell: Spectral Weapon
  1227 | D:2      | Noticed Jessica
  1258 | D:2      | Killed Jessica
  1258 | D:2      | Reached skill level 4 in Short Blades
  1303 | D:2      | Reached XP level 4. HP: 23/25 MP: 10/10
  2177 | D:3      | Noticed a centaur
  2298 | D:3      | Reached skill level 5 in Short Blades
  2595 | D:4      | Reached XP level 5. HP: 29/29 MP: 0/11
  3105 | D:3      | Killed a centaur
  3105 | D:3      | Reached skill level 6 in Short Blades
  3559 | D:4      | Reached XP level 6. HP: 27/34 MP: 4/12
  3567 | D:4      | Noticed an orc warrior
  3799 | D:4      | Learned a level 3 spell: Regeneration
  4703 | D:4      | Found a basalt altar of Yredelemnul.
  4845 | D:5      | Entered Level 5 of the Dungeon
  4859 | D:5      | Reached skill level 7 in Short Blades
  5208 | D:5      | Reached skill level 1 in Hexes
  5208 | D:5      | Reached skill level 1 in Necromancy
  5267 | D:5      | Reached skill level 1 in Translocations
  5315 | D:5      | Reached XP level 7. HP: 22/38 MP: 2/14
  5600 | D:5      | Reached skill level 5 in Charms
  5718 | D:5      | HP: 1/38 [gnoll/+0 whip (6)]
  5719 | D:5      | Demolished by an orc warrior

Levels and vault maps discovered:
D:1:      wander_arrival_peaceful_grave, layout_loops_ring
D:2:      layout_basic, minmay_hexomino_p4, uniq_jessica
D:3:      layout_basic, first_ration
D:4:      layout_cave_pods, yredelemnul_forgotten_temple_becter
D:5:      layout_loops_ring, serial_shops, shop, serial_undead, serial_undead_a,
          serial_undead_e, serial_undead_c, serial_undead_c

Skill      XL: |  1  2  3  4  5  6  7 |
---------------+----------------------+-----
Short Blades   | 3 4 5 6 7 |  7.1
Hexes          | 1 |  1.8
Necromancy     | 1 |  1.7
Translocations | 1 |  1.0
Charms         | 5 |  5.0
Fighting       | |  1.5
Armour         | |  0.7
Dodging        | |  2.4
Spellcasting   | |  3.6

Action                   |  1- 3 |  4- 6 |  7- 9 || total
-------------------------+-------+-------+-------++-------
Melee: Short sword       |    96 |   255 |    23 ||   374
       Dagger            |       |       |     4 ||     4
 Cast: Infusion          |    16 |    29 |     3 ||    48
       Spectral Weapon   |     1 |    15 |     3 ||    19
       Shroud of Golubri |     1 |    14 |     3 ||    18
       Song of Slaying   |       |     3 |       ||     3
       Regeneration      |       |     5 |     6 ||    11
  Use: Scroll            |       |     4 |     2 ||     6
       Potion            |       |       |     2 ||     2
 Stab: Distracted        |       |     1 |       ||     1
  Eat: Chunk             |     1 |    16 |     3 ||    20
Armor: Leather armour    |    21 |    31 |     2 ||    54
Dodge: Dodged            |    59 |   122 |    25 ||   206

Table legend:
 A = Non-vault XP
 B = Vault XP
 C = Vault XP percentage of total XP
 D = Non-vault monster count
 E = Vault monster count
 F = Vault count percentage of total count
                 A         B        C        D         E       F
            +---------+---------+-------+---------+---------+-------
      Total |     805 |      60 |   6.9 |     107 |       7 |   6.1
            +---------+---------+-------+---------+---------+-------
        D:1 |      44 |       0 |   0.0 |      30 |       0 |   0.0
        D:2 |      63 |      38 |  37.6 |      21 |       2 |   8.7
        D:3 |     195 |       0 |   0.0 |      24 |       0 |   0.0
        D:4 |     226 |       1 |   0.4 |      16 |       1 |   5.9
        D:5 |     277 |      21 |   7.0 |      16 |       4 |  20.0
            +---------+---------+-------+---------+---------+-------
